 Dungeon Crawl Stone Soup version 0.30-a0-585-g93115170b9 (webtiles) character file.

Game seed: 4553386944300067758

392 bmack86 the Chopper (level 6, -2/55 HPs)
             Began as a Minotaur Fighter on Jan 2, 2023.
             Succumbed to an orc wizard's poison
             ... on level 3 of the Dungeon on Jan 3, 2023.
             The game lasted 00:06:16 (2075 turns).

bmack86 the Chopper (Minotaur Fighter)              Turns: 2075, Time: 00:06:16

Health: -2/55      AC:  8    Str: 23    XL:     6   Next: 51%
Magic:  5/5        EV:  9    Int:  5    God:
Gold:   115        SH:  4    Dex:  9    Spells: 5/5 levels left

rFire   . . .      SeeInvis .    a - +0 war axe
rCold   . . .      Faith    .    c - +0 buckler
rNeg    . . .      Spirit   .    b - +0 scale mail
rPois   .          Reflect  .    (helmet restricted)
rElec   .          Harm     .    l - +0 cloak
rCorr   .          Rampage  .    (no gloves)
Will    .....                    (no boots) Stlth
                                 k - amulet of the acrobat
HPRegen 0.29/turn                f - ring of wizardry
MPRegen 0.09/turn                (no ring)

@: lethally poisoned (-2 -> -13)
A: horns 2, retaliatory headbutt
a: no special abilities


You were on level 3 of the Dungeon.
You visited 1 branch of the dungeon, and saw 3 of its levels.

You collected 115 gold pieces.

Inventory:

Hand Weapons
 a - a +0 war axe (weapon)
Missiles
 j - 2 silver boomerangs (quivered)
Armour
 b - a +0 scale mail (worn)
 c - a +0 buckler (worn)
 l - a +0 cloak (worn)
Jewellery
 f - a ring of wizardry (left hand)
 k - an amulet of the acrobat (around neck)
 p - a ring of wizardry
Wands
 q - a wand of flame (18)
Scrolls
 e - a scroll of fear
 g - a scroll of poison
 h - a scroll of enchant armour
 i - a scroll of blinking
 m - a scroll of noise {unknown}
 n - a scroll of teleportation {unknown}
 s - a scroll of silence {unknown}
 t - a scroll of acquirement {unknown}
Potions
 d - a potion of might
 o - a potion of curing
 r - a potion of magic {unknown}


   Skills:
 + Level 4.8 Fighting
 * Level 5.4 Axes
 + Level 2.1 Throwing
 + Level 4.9 Armour
 + Level 4.8 Shields


You had 5 spell levels left.
You didn't know any spells.
Your spell library contained the following spells:

 Spells                   Type           Power      Damage    Failure   Level
 Apportation              Tloc           0%         N/A       52%         1
 Necrotise                Necr           0%         1d4       52%         1
 Summon Small Mammal      Summ           0%         N/A       52%         1
 Static Discharge         Conj/Air       0%         2-2/arc   65%         2
 Gell's Gravitas          Tloc           0%         N/A       86%         3
 Teleport Other           Tloc           0%         N/A       86%         3
 Vhi's Electric Charge    Tloc/Air       0%         N/A       86%         3
 Arcjolt                  Conj/Air       0%         1d10      100%        5
 Lightning Bolt           Conj/Air       0%         1d11      100%        5
 Dispersal                Tloc           0%         N/A       100%        6


Dungeon Overview and Level Annotations

Branches:
Dungeon (3/15)

Altars:

Shops:
D:1 (   D:2 :

Annotations:
D:3 1 runed translucent door, wormed's ghost, amateur TeHu


Innate Abilities, Weirdness & Mutations

You have a pair of horns on your head.
You reflexively headbutt those who attack you in melee.


Message History

The orc shouts!
Your headbutt misses the orc.
The orc is heavily wounded.
You hit the orc wizard but do no damage.
You feel very sick. The orc hits you but does no damage.
The orc wizard hits you but does no damage.
You are more poisoned.
You slash the orc!
You kill the orc!
You miss the orc wizard.
You feel very sick.
The orc wizard hits you with a +0 dagger of venom.
You closely miss the orc. You barely miss the orc wizard.
* * * LOW HITPOINT WARNING * * *
You feel very sick. The orc hits you but does no damage.
The orc wizard hits you but does no damage.
You are lethally poisoned!
* * * LOW HITPOINT WARNING * * *
You feel very sick. You block the orc's attack.
The orc wizard barely misses you. You furiously retaliate!
You headbutt the orc wizard!
You kill the orc wizard!
* * * LOW HITPOINT WARNING * * *
You feel very sick. The orc misses you. You furiously retaliate!
You headbutt the orc.
Things that are here:
a +0 dagger of venom; a +0 robe You closely miss the orc.
The orc is almost dead.
* * * LOW HITPOINT WARNING * * *
You feel very sick. The orc hits you but does no damage.
The orc throws a boomerang.
The boomerang closely misses you.
The orc throws a boomerang.
The boomerang hits you but does no damage.
The orc hits you but does no damage.
You barely miss the orc.
The orc is almost dead.
You die...

#....# #.).#..# #......##....##.
.....# #......# #####.......)...
)...[###.....## ###............
.)...#.[......# #...#.##.......
.........#....#####...#.##.......
............#.#....).............
.....##..#....#.........##.......
....###..##.............#........
##### #..##.....@..#...#.........
# #..##.....o.....##.#.###.#.
#..##.....).##..##.......).
#...o...##.###.#.###)#.
#.....#..##.# #.#.#$#)#.
...#..##.. ..#.###.#. ...... #..
#......... ..###. #...
.#.#.###.#. #... ...........


You could see 2 orcs.

Vanquished Creatures
  Sigmund (D:3)
  An orc priest (D:3)
  2 orc wizards (D:3)
  5 adders
  5 worms
  2 dart slugs
  16 orcs (D:3)
  7 bats
  5 endoplasms
  4 giant cockroaches
  9 goblins
  4 hobgoblins
  A quokka (D:1)
  5 ball pythons
  A frilled lizard (D:2)
  7 kobolds
  3 rats
78 creatures vanquished.

Vanquished Creatures (others)
  2 withered plants (D:3)
2 creatures vanquished.

Grand Total: 80 creatures vanquished

Notes
Turn   | Place    | Note
-------+----------+-------------------------------------------
     0 | D:1      | bmack86 the Minotaur Fighter began the quest for the Orb.
     0 | D:1      | Reached XP level 1. HP: 19/19 MP: 0/0
   143 | D:1      | Reached XP level 2. HP: 27/27 MP: 1/1
   221 | D:1      | Found Vygiodgh's Weapon Emporium.
   291 | D:1      | Reached skill level 3 in Axes
   658 | D:2      | Reached XP level 3. HP: 30/33 MP: 2/2
   940 | D:2      | Reached XP level 4. HP: 29/40 MP: 3/3
  1104 | D:2      | Identified the +3 sling of Courage {freeze, rPois Int+4
                  | SInv}
  1191 | D:2      | Found Rifeb Oli's Book Shop.
  1403 | D:2      | Reached skill level 4 in Axes
  1403 | D:2      | Reached skill level 1 in Throwing
  1485 | D:2      | Found a faded altar of an unknown god.
  1568 | D:3      | Noticed Sigmund
  1584 | D:3      | Killed Sigmund
  1585 | D:3      | Reached skill level 5 in Axes
  1585 | D:3      | Reached XP level 5. HP: 24/47 MP: 4/4
  1696 | D:3      | Reached XP level 6. HP: 47/53 MP: 5/5
  2012 | D:3      | Found a runed translucent door.
  2012 | D:3      | Noticed wormed's ghost (amateur TeHu)
  2074 | D:3      | HP: 2/55 [poisoned by an orc wizard]
  2075 | D:3      | Succumbed to an orc wizard's poison

Illustrated notes

Levels and vault maps discovered:
D:1:      nzn_arrival_depleted_hourglass, layout_rooms, serial_shops,
          nicolae_shop_bloodbath_and_beyond, serial_park_tiny_2
D:2:      kennysheep_the_goblin_king, layout_basic,
          shapermc_ecumenical_altar_mp_urbaneastern, serial_shops,
          nicolae_shop_competitors_out_of_business, minmay_misc_feat_alley,
          minmay_tetromino_i4
D:3:      layout_rooms, gammafunk_ghost_grave, minmay_surrounded, uniq_sigmund

Skill      XL: |  1  2  3  4  5  6 |
---------------+-------------------+-----
Axes           | 3 5 |  5.4
Fighting       | 4 |  4.8
Armour         | 4 |  4.9
Shields        | 4 |  4.8
Throwing       | 1 2 |  2.1

Action                   |  1- 3 |  4- 6 || total
-------------------------+-------+-------++-------
Melee: War axe           |    42 |    86 ||   128
       Headbutt          |     7 |     8 ||    15
Throw: Boomerang         |     9 |    15 ||    24
  Use: Scroll            |     3 |     2 ||     5
Armor: Scale mail        |    33 |    45 ||    78
Dodge: Dodged            |    29 |    55 ||    84
Block: Buckler           |    13 |    19 ||    32

Table legend: (Time is in decaauts)
 A = Elapsed time spent in this place.
 B = Non-inter-level travel time spent in this place.
 C = Inter-level travel time spent in this place.
 D = Time resting spent in this place.
 E = Time spent auto-exploring this place.
 F = Levels seen in this place.
 G = Mean time per level.
                   A        B        C        D        E       F      G
               +--------+--------+--------+--------+--------+-----+--------+
         Total |   2122 |   2058 |     64 |      0 |   1337 |   3 |  707.3 |
       Dungeon |   2122 |   2058 |     64 |      0 |   1337 |   3 |  707.3 |
               +--------+--------+--------+--------+--------+-----+--------+

Top non-repeatable levels by time:
     D:2: 914 daAuts
     D:1: 647 daAuts
     D:3: 560 daAuts
